 Dungeon Crawl Stone Soup version 0.21.1-1-g345015f (webtiles) character file.

20 tidbits the Insei (level 2, 21/23 HPs)
             Began as a Gnoll Transmuter on Feb 19, 2018.
             Quit the game on level 1 of the Dungeon.
             The game lasted 00:02:23 (275 turns).

tidbits the Insei (Gnoll Transmuter)                 Turns: 275, Time: 00:02:24

Health: 21/23      AC:  2    Str: 12    XL:     2   Next: 79%
Magic:  7/7        EV: 14    Int: 15    God:
Gold:   52         SH:  0    Dex: 15    Spells: 7/10 levels left

rFire    . . .     SeeInvis .     - Unarmed
rCold    . . .     Gourm    .   (no shield)
rNeg     . . .     Faith    .   b - +0 robe
rPois    .         Spirit   .   (no helmet)
rElec    .         Reflect  .   (no cloak)
rCorr    .         Harm     .   (no gloves)
MR       .....                  (no boots)
Stlth    +.........             (no amulet)
HPRegen  0.07/turn              k - ring of loudness (curse)
MPRegen  0.10/turn              (no ring)

@: no status effects
A: distributed training, fangs 1, strong nose
a: no special abilities


You were on level 1 of the Dungeon.
You were not hungry.

You visited 1 branch of the dungeon, and saw 3 of its levels.

You collected 52 gold pieces.

Inventory:

Hand Weapons
 f - a +0 short sword
 i - a +0 dagger
Missiles
 a - 11 arrows
 g - 17 sling bullets
Armour
 b - a +0 robe (worn)
 h - a +0 ring mail
Jewellery
 k - a cursed ring of loudness (left hand)
   (You found it on level 2 of the Dungeon)
Scrolls
 j - a scroll of identify {unknown}
 l - a scroll of enchant weapon {unknown}
Potions
 e - a potion of lignification {unknown}
 m - a potion of curing {unknown}
Books
 c - a book of Changes

   Spells                             Type                      Level
   a - Beastly Appendage              Transmutation                1
   b - Sticks to Snakes               Transmutation                2
   c - Spider Form                    Transmutation/Poison         3
   d - Ice Form                       Ice/Transmutation            4
   e - Blade Hands                    Transmutation                5
Comestibles
 d - 2 rations


   Skills:
 + Level 2.5 Fighting
 + Level 0.5 Short Blades
 + Level 0.5 Long Blades
 + Level 0.5 Axes
 + Level 0.5 Maces & Flails
 + Level 0.5 Polearms
 + Level 0.5 Staves
 + Level 0.5 Slings
 + Level 0.5 Bows
 + Level 0.5 Crossbows
 + Level 0.5 Throwing
 + Level 0.5 Armour
 + Level 4.5 Dodging
 + Level 0.5 Stealth
 + Level 0.5 Shields
 + Level 6.5 Unarmed Combat
 + Level 4.9 Spellcasting
 + Level 0.3 Conjurations
 + Level 0.3 Hexes
 + Level 0.3 Charms
 + Level 0.3 Summonings
 + Level 0.3 Necromancy
 + Level 0.3 Translocations
 + Level 3.7 Transmutations
 + Level 0.3 Fire Magic
 + Level 0.3 Ice Magic
 + Level 0.3 Air Magic
 + Level 0.3 Earth Magic
 + Level 0.3 Poison Magic
 + Level 0.6 Invocations
 + Level 0.5 Evocations


You had 7 spell levels left.
You knew the following spells:

 Your Spells              Type           Power        Failure   Level  Hunger
e - Beastly Appendage     Tmut           ##....       3%          1    None
k - Sticks to Snakes      Tmut           ##......     5%          2    ##.....


Dungeon Overview and Level Annotations

Branches:
Dungeon (3/15)

Altars:

Annotations:
D:3 Solrac's ghost, amateur MiBe


Innate Abilities, Weirdness & Mutations

Your experience applies equally to all skills.
You have very sharp teeth.
Your uncanny sense of smell can sniff out nearby items.


Message History

There is a stone staircase leading up here.
Unknown command.
An adder comes into view.
Found a wooden ring.
Found a stone staircase leading up.
Casting: Beastly Appendage
Confirm with . or Enter, or press ? or * to list all spells.
You grow a pair of large bovine horns.
Casting: Beastly Appendage
Confirm with . or Enter, or press ? or * to list all spells.
You don't know that spell.
Casting: Beastly Appendage
Confirm with . or Enter, or press ? or * to list all spells.
You don't know that spell.
There is a stone staircase leading up here.
Memorise Sticks to Snakes, consuming 2 spell levels and leaving 7?
You start memorising the spell.
You continue memorising. x2
You finish memorising.
Spell assigned to 'k'.
Casting: Beastly Appendage
Confirm with . or Enter, or press ? or * to list all spells.
You don't know that spell.
Casting: Beastly Appendage
Confirm with . or Enter, or press ? or * to list all spells.
You create a snake!
You now have 11 arrows.
You swap places.
Found a hunting sling.
Your transformation is almost over.
The adder hisses angrily.
The adder completely misses you. The adder closely misses you.
You hit the adder. Your bite misses the adder.
The adder is moderately wounded.
The adder closely misses you.
You hit the adder.
The adder is almost dead.
Your ball python closely misses the adder.
Your ball python grabs the adder.
Your ball python constricts the adder.
The adder bites your ball python.
Your ball python bites the adder.
The adder dies!
You see here a wooden ring.
k - a wooden ring Put on which piece of jewellery? (? for menu, Esc to quit)
Oops, that ring feels deathly cold.
k - a cursed ring of loudness (left hand)
There is a stone staircase leading up here.
Found a ration.
Found a stone staircase leading down.
A hobgoblin comes into view. It is wielding a club.
Your horns disappear.
The hobgoblin shouts!
You closely miss the hobgoblin. The hobgoblin closely misses you.
You closely miss the hobgoblin.
Your ball python bites the hobgoblin.
Your ball python grabs the hobgoblin.
Your ball python constricts the hobgoblin.
The hobgoblin hits you with a club.
You hit the hobgoblin.
You kill the hobgoblin!
You see here a ration.
d - 2 rations (gained 1)
Your ball python withers and dies!
Found an escape hatch in the ceiling.
There is a stone staircase leading down here.
You can't go up here!
You climb downwards.
There is a stone staircase leading up here.
Found 18 gold pieces.
A bat comes into view.
Found a metallic pink potion.
You miss the bat. The bat misses you. The bat barely misses you.
You hit the bat. You bite the bat, but do no damage.
The bat is severely wounded.
The bat hits you.
Casting: Sticks to Snakes
Confirm with . or Enter, or press ? or * to list all spells.
You grow a pair of large bovine horns.
The bat hits you but does no damage.
You completely miss the bat.
The bat is severely wounded.
The bat barely misses you. The bat hits you but does no damage.
You hit the bat.
You kill the bat!
Found a yellow potion and a scroll labeled EXTIRI OQEE.
You see here 18 gold pieces.
You now have 52 gold pieces (gained 18).
Found a blue potion.
You see here a scroll labeled EXTIRI OQEE.
l - a scroll labeled EXTIRI OQEE Your transformation is almost over.
You see here a yellow potion.
m - a yellow potion Solrac's ghost (amateur Minotaur Berserker) comes into view.
Solrac's ghost turns its malevolent gaze towards you.
You hear an angry hiss.
Your horns disappear.
There is a stone staircase leading up here.
You climb upwards.
There is a stone staircase leading down here.
Unknown command.
There is an escape hatch in the ceiling here.
A mysterious force pulls you upwards. The hatch slams shut behind you.
Unknown command.
Are you sure you want to abandon this character and quit the game? (Confirm with "yes".)

##.##########..#
#..#........#..#
#..#......†.'..#
#..#........#..#####
#[.#........#.....)#
#..#........#......#
#..#........#......#
#..+........#......#
#..#.......@#..†...#
###..##########.†....#
#................†...##
#.#####.###.#.........##
#...###.# #............#
###.#.#.# ######.##....#
#.#.#.###### #.# ....#
#.....##...# #.# ....#
##....##...###.##.#.##


There were no monsters in sight!

Vanquished Creatures
  A giant cockroach (D:1)
  A goblin (D:1)
  A hobgoblin (D:2)
  A kobold (D:1)
  4 bats
  3 rats (D:1)
11 creatures vanquished.

Vanquished Creatures (collateral kills)
  An adder (D:2)
1 creature vanquished.

Grand Total: 12 creatures vanquished

Notes
Turn   | Place    | Note
-------+----------+-------------------------------------------
     0 | D:1      | tidbits the Gnoll Transmuter began the quest for the Orb.
     0 | D:1      | Reached XP level 1. HP: 17/17 MP: 6/6
   114 | D:1      | Reached XP level 2. HP: 19/23 MP: 5/7
   206 | D:2      | Learned a level 2 spell: Sticks to Snakes
   258 | D:3      | Noticed Solrac's ghost (amateur MiBe)
   275 | D:1      | Quit the game

Action                   || total
-------------------------++-------
Melee: Unarmed           ||    27
       Kick              ||     1
       Headbutt          ||     1
       Bite              ||     2
 Cast: Beastly Appendage ||     7
       Sticks to Snakes  ||     1
Armor: Robe              ||     4
Dodge: Dodged            ||    27

Table legend:
 A = Turns spent in this place as a percentage of turns spent in the entire game.
 B = Non-inter-level travel turns spent in this place as a percentage of non-inter-level travel turns spent in the entire game.
 C = Inter-level travel turns spent in this place as a percentage of turns spent in this place.
 D = Turns resting spent in this place as a percentage of non-inter-level travel turns spent in this place.
 E = Turns spent auto-exploring this place as a percentage of non-inter-level travel turns spent in this place.
 F = Non-inter-level travel turns spent in this place divided by the number of levels of this place that you've seen.
                   A       B       C       D       E      F
               +-------+-------+-------+-------+-------+----------------------
         Total | 100.0 | 100.0 |   0.0 |   0.0 |   0.0 |  91.7
       Dungeon | 100.0 | 100.0 |   0.0 |   0.0 |   0.0 |  91.7
               +-------+-------+-------+-------+-------+----------------------

Table legend:
 A = Kills in this place as a percentage of kills in entire the game.
 B = Kills by you in this place as a percentage of kills by you in the entire game.
 C = Kills by friends in this place as a percentage of kills by friends in the entire game.
 D = Other kills in this place as a percentage of other kills in the entire game.
 E = Experience gained in this place as a percentage of experience gained in the entire game.
 F = Experience gained in this place divided by the number of levels of this place that you have seen.
                   A       B       C       D       E      F
               +-------+-------+-------+-------+-------+----------------------
         Total | 100.0 | 100.0 | 100.0 |   N/A | 100.0 |   9.7
       Dungeon | 100.0 | 100.0 | 100.0 |   N/A | 100.0 |   9.7
               +-------+-------+-------+-------+-------+----------------------

Vault maps used:
D:1:      elethiomel_arrival_maze, minivault_25
D:2:      uniq_natasha, uniq_jessica
D:3:      hangedman_decor_riveting
